 Dungeon Crawl Stone Soup version 0.16-a0-2010-g98bc240 (webtiles) character file.

86 Kraw the Sneak (level 4, -1/36 HPs)
             Began as a Naga Enchanter on Nov 9, 2014.
             Slain by an orc wizard
             ... wielding a +0 dagger
              (2 damage)
             ... on level 3 of the Dungeon.
             The game lasted 00:11:14 (2504 turns).

Kraw the Sneak (Naga Enchanter)                     Turns: 2504, Time: 00:11:14

Health: -1/36      AC:  3    Str: 10    XL:     4   Next: 49%
Magic:  6/7        EV: 10    Int: 16    God:
Gold:   132        SH:  0    Dex: 12    Spells: 1 memorised, 6 levels left

rFire  . . .     SeeInvis +     a - +1 dagger
rCold  . . .     Clarity  .     b - +1 robe
rNeg   . . .     SustAb   .     (no shield)
rPois  +         Gourm    .     (no helmet)
rElec  .         Spirit   .     (no cloak)
rCorr  .         Warding  .     (no gloves)
rMut   .         Stasis   .     (no barding)
MR     .....                    (no amulet)
Stlth  ++++......               (no ring)
                                (no ring)

@: short of breath, very slow, not resistant to hostile enchantments, stealthy
A: spit poison, see invisible, deformed body, poison resistance, slowness 2, AC
+1
a: Spit Poison


You were on level 3 of the Dungeon.
You were not hungry.

You visited 1 branch of the dungeon, and saw 3 of its levels.

You collected 132 gold pieces.

Inventory:

Hand weapons
 a - a +1 dagger (weapon)
Missiles
 k - 18 poisoned needles
 m - 13 sling bullets
Armour
 b - a +1 robe (worn)
Scrolls
 e - a scroll of immolation {unknown}
 g - a scroll of identify {unknown}
 h - a scroll of noise {unknown}
 i - a scroll of random uselessness {unknown}
 l - 3 scrolls of remove curse {unknown}
 n - a scroll of enchant weapon {unknown}
 q - a scroll of magic mapping {unknown}
 u - a scroll of enchant armour {unknown}
Potions
 o - a potion of confusion {unknown}
 r - 2 potions of magic {unknown}
 s - a potion of invisibility {unknown}
Books
 c - a book of Maledictions

   Spells                             Type                      Level
   *Corona                            Hexes                        1
   Sure Blade                         Hexes/Charms                 2
   Ensorcelled Hibernation            Hexes/Ice                    2
   Confuse                            Hexes                        3
   Dazzling Spray                     Conjuration/Hexes            3
   Enslavement                        Hexes                        4
Comestibles
 d - 3 bread rations
 f - a royal jelly
 p - a meat ration
 t - a chunk of flesh


   Skills:
 - Level 1.0 Short Blades
 - Level 1.5 Dodging
 + Level 7.9 Stealth
 - Level 2.0 Spellcasting
 - Level 3.0 Hexes


You had 6 spell levels left.
You knew the following spells:

 Your Spells              Type           Power        Failure   Level  Hunger
a - Corona                Hex            ##.....      8%          1    #......


Dungeon Overview and Level Annotations

Branches:
Dungeon (3/15)

Altars:
Nemelex Xobeh
Sif Muna


Innate Abilities, Weirdness & Mutations

You cannot wear boots.
You can spit poison.
Your serpentine skin is tough (AC +1).
You have supernaturally acute eyesight.
Armour fits poorly on your strangely shaped body.
Your system is resistant to poisons.
You cover ground very slowly.


Message History

You closely miss the orc wizard.
The orc wizard is severely wounded.
The orc wizard points at you and mumbles some strange words.
The magic dart hits you!
You hit the orc wizard but do no damage.
The orc wizard is severely wounded.
The orc wizard casts a spell at you. The puff of frost hits you!
* * * LOW HITPOINT WARNING * * *
The orc wizard points at you and mumbles some strange words.
The magic dart hits you!
* * * LOW HITPOINT WARNING * * *
Use which ability? (? or * to list)
Press: ? - help, Shift-Dir - straight line, f/p - orc wizard
Aim: an orc wizard, wielding a dagger and wearing a robe (severely wounded, fast, slightly transparent)
The splash of poison hits the orc wizard.
The orc wizard is poisoned.
The orc wizard is severely wounded.
You feel slightly more hungry. The orc wizard hits you with a dagger.
You die...

.....................#
.#.#.#...[#....#####.#
.#.#......#..........#
.#.#.................#
.#.......###.....!.#
.........# #.......#
#........# #.#####.#
#.......###o#####.#
.#...#.....oo@..†.#
#....#....o#######
#....#.....#
....#......
...#....... ..........
.!.........
........... .......##


You could see an orc wizard (invisible) and 3 orcs.

Vanquished Creatures
  2 adders (D:2)
  3 giant geckos
  2 oozes (D:2)
  An orc (D:3)
  A ball python (D:2)
  3 goblins
  11 hobgoblins
  4 jackals (D:2)
  6 kobolds
  2 quokkas
  6 bats
  3 giant cockroaches (D:1)
  3 giant newts
  10 rats
57 creatures vanquished.

Notes
Turn   | Place    | Note
--------------------------------------------------------------
     0 | D:1      | Kraw, the Naga Enchanter, began the quest for the Orb.
     0 | D:1      | Reached XP level 1. HP: 15/15 MP: 3/3
   125 | D:1      | Reached skill level 5 in Stealth
   472 | D:1      | Reached XP level 2. HP: 22/22 MP: 4/4
   648 | D:1      | Reached skill level 6 in Stealth
   848 | D:1      | Reached XP level 3. HP: 24/28 MP: 6/6
  1827 | D:2      | Reached skill level 7 in Stealth
  2032 | D:2      | Found a deep blue altar of Sif Muna.
  2061 | D:2      | Found a sparkling altar of Nemelex Xobeh.
  2075 | D:2      | Reached XP level 4. HP: 19/36 MP: 5/7
  2503 | D:3      | HP: 1/36 [orc wizard/magic dart (6)]
  2504 | D:3      | Slain by an orc wizard

Action                   |  1- 3 |  4- 6 || total
-------------------------+-------+-------++-------
Melee: Dagger            |   154 |    46 ||   200
 Cast: Corona            |    10 |     3 ||    13
 Abil: Spit Poison       |     4 |     2 ||     6
  Use: Potion            |       |     1 ||     1
 Stab: Sleeping          |    10 |     3 ||    13
  Eat: Chunk             |     3 |     3 ||     6
